 Dungeon Crawl Stone Soup version 0.31.0-11-ge490571c62 (webtiles) character file.

Game seed: 4760798118741021097

11624 qw the Nimble (level 11, -15/55 HPs)
             Began as a Spriggan Hunter on Feb 4, 2024.
             Was an Elder of Okawaru.
             Demolished by a death yak (26 damage)
             ... on level 2 of the Lair of Beasts.
             The game lasted 00:04:45 (8829 turns).

qw the Nimble (Spriggan Hunter)                     Turns: 8829, Time: 00:04:46

Health: -15/55     AC:  2    Str:  7    XL:     11   Next: 51%
Magic:  13/18      EV: 29    Int: 12    God:    Okawaru [****..]
Gold:   202        SH:  5    Dex: 22    Spells: 10/10 levels left

rFire   + + .        n - +1 orcbow (heavy)
rCold   . . .        (shield currently unavailable)
rNeg    . . .        c - +0 robe
rPois   .            (helmet restricted)
rElec   .            (no cloak)
rCorr   .            (gloves unavailable)
SInv    +            (boots unavailable)
Will    +....        k - amulet of reflection
Stlth   ++           e - ring of protection from fire
HPRegen 0.29/turn    f - ring of protection from fire
MPRegen 0.16/turn

%: reflection
@: finesse-ful, very quick
A: very small, no large weapons, unfitting armour, see invisible, speed 3
a: Renounce Religion, Heroism, Finesse


You were on level 2 of the Lair of Beasts.
You worshipped Okawaru.
Okawaru was greatly pleased with you.
You visited 3 branches of the dungeon, and saw 12 of its levels.
You also visited: Sewer.

You collected 542 gold pieces.
You spent 340 gold pieces at shops.


Innate Abilities, Weirdness & Mutations

You are very small and have problems with some larger weapons.
You are too small for most types of armour.
You have supernaturally acute eyesight. (SInv)
You cover ground extremely quickly. (Speed+++)


   Skills:
 - Level 5.0 Fighting
 + Level 12.6 Ranged Weapons
 - Level 13.0 Dodging
 - Level 1.5 Stealth
 + Level 8.2 Invocations


You had 10 spell levels left.
You didn't know any spells.
Your spell library was empty.

Inventory:

Hand Weapons
 n - a +1 heavy orcbow (weapon)
Armour
 c - a +0 robe (worn)
Jewellery
 e - a ring of protection from fire (left hand)
 f - a ring of protection from fire (right hand)
 j - a ring of resist corrosion
 k - an amulet of reflection (around neck)
 p - a ring of positive energy
Wands
 h - a wand of mindburst (8)
 i - a wand of paralysis (21)
Scrolls
 g - a scroll of enchant armour
 m - 2 scrolls of identify
Potions
 a - 4 potions of curing
 b - a potion of might
 d - 3 potions of enlightenment
 l - 2 potions of cancellation
 o - 5 potions of mutation

Dungeon Overview and Level Annotations

Branches:
Dungeon (9/15)             Temple (1/1) D:6            Lair (2/5) D:9
  Sewer (visited)
  Swamp: Lair:2-3    Shoals: Lair:2-3     Snake: Lair:2-3    Spider: Lair:2-3
    Orc: D:9-12

Altars:
Ashenzari
Cheibriados
Dithmenos
Elyvilon
Fedhas
Gozag
Hepliaklqana
Kikubaaqudgha
Nemelex Xobeh
Okawaru
Qazlal
Ru
Sif Muna
Trog
Uskayaw
Vehumet
Wu Jian
Xom
Yredelemnul
Zin
The Shining One

Shops:
D:8 **

Annotations:
D:3 1 runed translucent door, Crazy Yiuf


Message History

The death yak bellows! x3
The arrow hits the death yak!!
The death yak is moderately wounded.
You shoot an arrow. The arrow hits the death yak!
The death yak is moderately wounded.
You shoot an arrow. The arrow barely misses the death yak.
You shoot an arrow.
The arrow hits the death yak but does no damage.
The death yak is moderately wounded.
You shoot an arrow. The arrow hits the death yak!!
The death yak is severely wounded.
You shoot an arrow.
The arrow hits the death yak but does no damage.
The death yak is severely wounded.
You shoot an arrow. The arrow barely misses the death yak.
The arrow hits the death yak!
The death yak is lightly wounded.
You shoot an arrow. The arrow hits the death yak!!
You kill the death yak!
Okawaru accepts your kill.
Your Invocations skill increases to level 8!
You shoot an arrow.
The arrow hits the death yak but does no damage.
The death yak is lightly wounded.
You shoot an arrow. The arrow barely misses the death yak.
You shoot an arrow. The arrow hits the death yak!
The death yak is moderately wounded.
The death yak completely misses you. The death yak gores you!!
You shoot an arrow. The arrow hits the death yak!
The death yak is heavily wounded.
You shoot an arrow. The arrow hits the death yak!!
The death yak is almost dead.
You block the death yak's attack. The death yak gores you!!
8828 ||| DRINKING potion of heal wounds.
You feel much better. The death yak completely misses you.
The death yak gores you!!
You shoot an arrow. The arrow hits the death yak.
The death yak is almost dead.
The death yak gores you!!
You die...

#.#...###### ..
#..#..# ..
##.....# ..
#......### .####
#.###....#
.....###..# #...##
..........# #...#
......Y...###...#
.....%Y@P..##...#
...#....####....#
...........##...#
.......P#..#P...##
.#.#...###.......#
# #...###......##
#P........##...#
#P.#.#.#### #.##
##..... .#


You could see 2 death yaks.

Vanquished Creatures
  A two-headed ogre (D:8)
  A death yak (Lair:2)
  An ugly thing (D:9)
  A black mamba (Lair:1)
  2 cane toads (Lair:1)
  4 komodo dragons
  A rime drake (Lair:2)
  2 polar bears
  3 blink frogs (Lair:1)
  Prince Ribbit (D:8)
  A jumping spider (Lair:2)
  A culicivora (Lair:2)
  9 yaks (D:9)
  A wyvern (D:7)
  2 water moccasins
  2 ice beasts
  A sky beast (D:8)
  7 orc warriors
  2 black bears (D:7)
  2 ogres (D:9)
  6 centaurs
  2 phantoms (D:5)
  3 kobold brigands (D:9)
  5 bullfrogs
  A brain worm (Sewer)
  A scorpion (Lair:1)
  5 wights (D:7)
  9 killer bees
  A howler monkey (D:9)
  2 electric eels (D:9)
  A bombardier beetle (D:7)
  6 orc priests
  2 jellies
  A gnoll bouda (D:9)
  5 hounds
  Jessica (D:2)
  2 iguanas
  5 hell rats (Lair:1)
  12 orc wizards
  2 sleepcaps
  12 adders
  5 gnolls (D:9)
  4 river rats (Sewer)
  A shadow imp (D:5)
  3 white imps
  2 ufetubi (D:5)
  4 ribbon worms
  4 dart slugs
  52 orcs
  13 bats
  12 endoplasms
  6 giant cockroaches
  3 goblins
  4 hobgoblins
  A jackal (Sewer)
  6 quokkas
  8 ball pythons
  4 frilled lizards
  18 kobolds
  6 rats
285 creatures vanquished.

Notes
Turn   | Place    | Note
-------+----------+-------------------------------------------
     0 | D:1      | qw the Spriggan Hunter began the quest for the Orb.
     0 | D:1      | Reached XP level 1. HP: 10/10 MP: 2/2
     0 | D:1      | 0 ||| qw: Version: 0.3-a-160-g6735b56
     0 | D:1      | 0 ||| qw: Game counter: 6004
     0 | D:1      | 0 ||| qw: Melee chars always use a shield: true
     0 | D:1      | 0 ||| qw: God list: Okawaru
     0 | D:1      | 0 ||| qw: Allow faded altars: false
     0 | D:1      | 0 ||| qw: Do Orc after clearing Dungeon:15 true
     0 | D:1      | 0 ||| qw: Do second Lair branch before Depths: true
     0 | D:1      | 0 ||| qw: Lair rune preference: random
     0 | D:1      | 0 ||| qw: Goals: Normal
     0 | D:1      | 0 ||| PLANNING D:1-11
    24 | D:1      | Reached skill level 3 in Dodging
   112 | D:1      | Reached XP level 2. HP: 14/14 MP: 3/3
   120 | D:1      | Reached skill level 4 in Dodging
   568 | D:1      | Reached XP level 3. HP: 16/18 MP: 4/4
   653 | D:1      | 653 ||| READING 2 scrolls labelled FOHUKA JEPPA.
   653 | D:1      | 653 ||| IDENTIFYING white potion
   654 | D:1      | 654 ||| READING scroll of identify.
   654 | D:1      | 654 ||| IDENTIFYING viscous inky potion
   658 | D:1      | 658 ||| READING scroll labelled LUMIQO NISTROB.
   659 | D:1      | 659 ||| READING scroll labelled WUNYEM KENERIU.
   660 | D:1      | 660 ||| READING scroll labelled UMATOHUEWU.
   660 | D:1      | 660 ||| ENCHANTING +0 shortbow.
   661 | D:1      | 661 ||| READING scroll labelled QUYQIM AMYACW.
   662 | D:1      | 662 ||| DROPPING scroll of butterflies.
   663 | D:1      | 663 ||| DROPPING potion of lignification.
   808 | D:2      | Found a faded altar of an unknown god.
   815 | D:2      | Reached XP level 4. HP: 22/22 MP: 5/5
  1173 | D:2      | 1173 ||| DROPPING +6 ring of intelligence.
  1174 | D:2      | 1174 ||| UPGRADING to ring of protection from fire.
  1175 | D:2      | 1175 ||| DROPPING ring of magical power.
  1176 | D:2      | 1176 ||| READING scroll labelled QAKUCW ALYXYXT.
  1177 | D:2      | 1177 ||| READING scroll labelled QUZONA LESIV.
  1177 | D:2      | Identified a scroll of acquirement
  1177 | D:2      | 1177 ||| ACQUIRING +6 sling "Aubergine" {elec, rElec Str+2
                  | Int+4 Dex+3}
  1177 | D:2      | Acquired the +6 sling "Aubergine" {elec, rElec Str+2 Int+4
                  | Dex+3}
  1179 | D:2      | 1179 ||| SWAPPING to +6 sling "Aubergine" {elec, rElec
                  | Str+2 Int+4 Dex+3}.
  1180 | D:2      | 1180 ||| DROPPING +1 shortbow.
  1190 | D:3      | Noticed Jessica
  1191 | D:3      | 1191 ||| STAIRDANCE
  1195 | D:3      | 1195 ||| STAIRDANCE
  1205 | D:2      | Killed Jessica
  1206 | D:2      | Reached skill level 5 in Dodging
  1252 | D:3      | 1252 ||| STAIRDANCE
  1310 | D:3      | Found a sacrificial altar of Ru.
  1522 | D:3      | Reached XP level 5. HP: 26/26 MP: 6/6
  1690 | D:3      | Found a runed translucent door.
  1691 | D:3      | Noticed Crazy Yiuf
  1694 | D:3      | 1694 ||| DROPPING ring of flight.
  1695 | D:3      | 1695 ||| READING 3 scrolls of identify.
  1695 | D:3      | 1695 ||| IDENTIFYING brown potion
  1696 | D:3      | 1696 ||| READING 2 scrolls of identify.
  1696 | D:3      | 1696 ||| IDENTIFYING emerald potion
  1697 | D:3      | 1697 ||| READING scroll of identify.
  1697 | D:3      | 1697 ||| IDENTIFYING dark potion
  1698 | D:3      | 1698 ||| READING scroll labelled BUWIOQ LEDE.
  1748 | D:3      | 1748 ||| DROPPING potion of brilliance.
  1749 | D:3      | 1749 ||| DROPPING potion of invisibility.
  1825 | D:4      | Reached skill level 6 in Dodging
  2121 | D:4      | 2121 ||| FLEEEEING.
  2125 | D:4      | 2125 ||| FLEEEEING.
  2311 | D:4      | 2311 ||| UPGRADING to amulet of regeneration.
  2339 | D:5      | Entered Level 5 of the Dungeon
  2340 | D:5      | 2340 ||| PLANNING SEWER
  2352 | D:5      | Noticed an ice beast
  2353 | D:5      | 2353 ||| DRINKING 2 potions of haste.
  2361 | D:5      | Reached XP level 6. HP: 30/30 MP: 7/7
  2364 | D:5      | Killed an ice beast
  2365 | D:5      | Reached skill level 6 in Ranged Weapons
  2464 | D:5      | Noticed an orc warrior
  2464 | D:5      | 2464 ||| RETREEEEATING.
  2465 | D:5      | 2465 ||| RETREEEEATING.
  2466 | D:5      | 2466 ||| RETREEEEATING.
  2470 | D:5      | Reached skill level 7 in Dodging
  2470 | D:5      | Reached XP level 7. HP: 33/35 MP: 8/8
  2627 | D:5      | Reached skill level 8 in Dodging
  3036 | D:5      | Found a glowing drain.
  3037 | D:5      | 3037 ||| UPGRADING to amulet of reflection.
  3047 | D:5      | 3047 ||| DROPPING amulet of regeneration.
  3048 | D:5      | 3048 ||| READING scroll of identify.
  3048 | D:5      | 3048 ||| IDENTIFYING murky silvery potion
  3049 | D:5      | 3049 ||| READING scroll labelled BEDIHO PACU.
  3050 | D:5      | 3050 ||| DROPPING potion of berserk rage.
  3055 | Sewer    | Entered a sewer
  3378 | Sewer    | Reached XP level 8. HP: 39/39 MP: 9/9
  3549 | Sewer    | 3549 ||| DROPPING scarf of harm.
  3550 | Sewer    | 3550 ||| READING scroll labelled OHOAXT FAANK.
  3573 | D:5      | 3573 ||| PLANNING D:1-11
  3622 | D:5      | 3622 ||| UPGRADING to ring of protection from fire.
  3654 | D:6      | Found a staircase to the Ecumenical Temple.
  3655 | D:6      | 3655 ||| PLANNING TEMPLE
  3719 | D:6      | Found a stormy altar of Qazlal.
  3720 | D:6      | 3720 ||| READING scroll labelled POIGEU XACHUR.
  3747 | Temple   | Entered the Ecumenical Temple
  3748 | Temple   | 3748 ||| PLANNING OKAWARU WORSHIP
  3766 | Temple   | Became a worshipper of Warmaster Okawaru
  3767 | Temple   | 3767 ||| PLANNING D:1-11
  3943 | D:6      | Reached skill level 3 in Fighting
  4192 | D:6      | 4192 ||| FLEEEEING.
  4193 | D:6      | 4193 ||| FLEEEEING.
  4194 | D:6      | 4194 ||| FLEEEEING.
  4195 | D:6      | 4195 ||| FLEEEEING.
  4196 | D:6      | 4196 ||| FLEEEEING.
  4198 | D:6      | 4198 ||| FLEEEEING.
  4199 | D:6      | 4199 ||| FLEEEEING.
  4200 | D:6      | 4200 ||| FLEEEEING.
  4205 | D:6      | HP: 6/40 [centaur/arrow (13)]
  4207 | D:6      | Reached skill level 9 in Dodging
  4562 | D:6      | Noticed a manticore
  4829 | D:6      | 4829 ||| DROPPING amulet of the acrobat.
  4830 | D:6      | 4830 ||| READING scroll of identify.
  4830 | D:6      | 4830 ||| IDENTIFYING coppery potion
  4831 | D:6      | 4831 ||| READING scroll labelled ENASHRI OTSESE.
  5018 | D:7      | Reached skill level 9 in Ranged Weapons
  5026 | D:7      | Found a glowing silver altar of Zin.
  5040 | D:7      | Reached * piety under Okawaru
  5064 | D:7      | Reached skill level 1 in Invocations
  5138 | D:7      | You fall into a shaft and drop 1 floor!
  5149 | D:8      | Reached skill level 10 in Dodging
  5149 | D:8      | Reached XP level 9. HP: 44/44 MP: 11/11
  5149 | D:8      | 5149 ||| RETREEEEATING.
  5154 | D:8      | 5154 ||| RETREEEEATING.
  5166 | D:8      | Reached skill level 3 in Invocations
  5166 | D:8      | HP: 11/44 [poisoned by a killer bee]
  5310 | D:8      | 5310 ||| READING 3 scrolls of identify.
  5310 | D:8      | 5310 ||| IDENTIFYING scroll labelled GYOSCH XUME
  5311 | D:8      | 5311 ||| READING 2 scrolls of identify.
  5311 | D:8      | 5311 ||| IDENTIFYING scroll labelled NALAOB JUATA
  5312 | D:8      | 5312 ||| DROPPING scroll of amnesia.
  5469 | D:7      | 5469 ||| RETREEEEATING.
  5471 | D:7      | 5471 ||| INVOKING Heroism.
  5485 | D:7      | Reached ** piety under Okawaru
  5491 | D:7      | 5491 ||| DRINKING potion of haste.
  5844 | D:8      | Noticed Prince Ribbit
  5854 | D:8      | Killed Prince Ribbit
  5916 | D:8      | Reached skill level 11 in Dodging
  5931 | D:8      | Noticed a two-headed ogre
  5932 | D:8      | 5932 ||| INVOKING Heroism.
  5939 | D:8      | Killed a two-headed ogre
  5939 | D:8      | Reached *** piety under Okawaru
  6096 | D:8      | Reached XP level 10. HP: 51/51 MP: 14/14
  6102 | D:8      | Found Jeful's General Store.
  6109 | D:8      | 6109 ||| BUYING +1 heavy orcbow (212 gold).
  6109 | D:8      | Bought a +1 heavy orcbow for 212 gold pieces
  6109 | D:8      | 6109 ||| SHOPLISTING 2 potions of heal wounds (160 gold,
                  | have 154).
  6109 | D:8      | 6109 ||| BUYING potion of mutation (128 gold).
  6109 | D:8      | Bought a potion of mutation for 128 gold pieces
  6109 | D:8      | 6109 ||| SHOPLISTING scroll of enchant weapon (120 gold,
                  | have 26).
  6109 | D:8      | 6109 ||| SHOPLISTING scroll of teleportation (48 gold, have
                  | 26).
  6109 | D:8      | 6109 ||| SWAPPING to +1 heavy orcbow.
  6110 | D:8      | 6110 ||| DROPPING +6 sling "Aubergine" {elec, rElec Str+2
                  | Int+4 Dex+3}.
  6201 | D:8      | Found Hacesh's Humungous Hoard.
  6209 | D:8      | 6209 ||| SHOPLISTING +0 hat of willpower (154 gold, have
                  | 26).
  6209 | D:8      | 6209 ||| SHOPLISTING potion of haste (140 gold, have 26).
  6209 | D:8      | 6209 ||| SHOPLISTING potion of heal wounds (70 gold, have
                  | 26).
  6465 | D:8      | Found an ornate altar of the Wu Jian Council.
  6527 | D:8      | 6527 ||| READING 2 scrolls of identify.
  6527 | D:8      | 6527 ||| IDENTIFYING black potion
  6528 | D:8      | 6528 ||| READING scroll of identify.
  6528 | D:8      | 6528 ||| IDENTIFYING scroll labelled ULAORGH REPYIM
  6708 | D:9      | Noticed a red ugly thing
  6709 | D:9      | 6709 ||| INVOKING Heroism.
  6713 | D:9      | Killed a red ugly thing
  6723 | D:9      | Found a glowing golden altar of the Shining One.
  6751 | D:9      | 6751 ||| RETREEEEATING.
  6765 | D:9      | Reached **** piety under Okawaru
  6766 | D:9      | Reached skill level 12 in Dodging
  6832 | D:9      | 6832 ||| RETREEEEATING.
  6835 | D:9      | 6835 ||| RETREEEEATING.
  6842 | D:9      | 6842 ||| RETREEEEATING.
  6843 | D:9      | 6843 ||| RETREEEEATING.
  6844 | D:9      | 6844 ||| RETREEEEATING.
  6845 | D:9      | 6845 ||| RETREEEEATING.
  6846 | D:9      | 6846 ||| RETREEEEATING.
  6847 | D:9      | 6847 ||| RETREEEEATING.
  6948 | D:9      | 6948 ||| FLEEEEING.
  7269 | D:9      | Found a staircase to the Lair.
  7331 | D:9      | 7331 ||| RETREEEEATING.
  7338 | D:9      | 7338 ||| RETREEEEATING.
  7348 | D:9      | Reached skill level 12 in Ranged Weapons
  7534 | D:9      | 7534 ||| PLANNING LAIR
  7567 | Lair:1   | Entered Level 1 of the Lair of Beasts
  7607 | Lair:1   | Reached skill level 6 in Invocations
  7618 | Lair:1   | 7618 ||| INVOKING Finesse.
  7619 | Lair:1   | 7619 ||| INVOKING Finesse.
  7620 | Lair:1   | 7620 ||| INVOKING Heroism.
  7703 | Lair:1   | Noticed a cane toad
  7704 | Lair:1   | 7704 ||| INVOKING Finesse.
  7706 | Lair:1   | Killed a cane toad
  7707 | Lair:1   | Reached XP level 11. HP: 55/55 MP: 10/16
  7912 | Lair:1   | Reached skill level 13 in Dodging
  8013 | Lair:1   | Reached ***** piety under Okawaru
  8110 | Lair:1   | HP: 9/55 [poisoned by a black mamba]
  8111 | Lair:1   | 8111 ||| READING scroll of teleportation.
  8112 | Lair:1   | HP: 4/55 [poisoned by a black mamba]
  8113 | Lair:1   | 8113 ||| DRINKING 5 potions of curing.
  8113 | Lair:1   | 8113 ||| (to cure poison)
  8536 | Lair:1   | 8536 ||| READING 3 scrolls of identify.
  8536 | Lair:1   | 8536 ||| IDENTIFYING metallic coppery potion
  8537 | Lair:1   | 8537 ||| READING 2 scrolls of identify.
  8537 | Lair:1   | 8537 ||| IDENTIFYING scroll labelled HITRED CUMUE
  8538 | Lair:1   | 8538 ||| DROPPING scroll of noise.
  8564 | Lair:2   | 8564 ||| INVOKING Finesse.
  8565 | Lair:2   | 8565 ||| INVOKING Heroism.
  8582 | Lair:2   | 8582 ||| FLEEEEING.
  8583 | Lair:2   | 8583 ||| FLEEEEING.
  8584 | Lair:2   | 8584 ||| FLEEEEING.
  8585 | Lair:2   | 8585 ||| FLEEEEING.
  8586 | Lair:2   | 8586 ||| FLEEEEING.
  8588 | Lair:2   | 8588 ||| FLEEEEING.
  8589 | Lair:2   | 8589 ||| FLEEEEING.
  8590 | Lair:2   | 8590 ||| FLEEEEING.
  8591 | Lair:2   | 8591 ||| STAIRDANCE
  8813 | Lair:2   | Noticed a death yak
  8814 | Lair:2   | 8814 ||| INVOKING Finesse.
  8814 | Lair:2   | Noticed a death yak
  8814 | Lair:2   | Noticed a death yak
  8822 | Lair:2   | Killed a death yak
  8827 | Lair:2   | HP: 10/55 [death yak (26)]
  8828 | Lair:2   | 8828 ||| DRINKING potion of heal wounds.
  8829 | Lair:2   | Demolished by a death yak

Levels and vault maps discovered:
D:1:      ncdulo_wetmaze, layout_basic, minmay_misc_feat_pillars,
          serial_bayou_pond_c
D:2:      layout_rooms, nicolae_ecumenical_snake_handling
D:3:      layout_rooms, lemuel_crystal_altar, minivault_19, grunt_ministairs_14,
          chequers_serial_rivers_micro_e, uniq_jessica, uniq_crazy_yiuf_cottage
D:4:      layout_loops_cross
D:5:      layout_loops_ring, mainiacjoe_sewer_entry_somewhere_in_here_1
D:6:      layout_basic, grunt_qazlal_sundering, temple_pool_b,
          lightli_corner_chamber
D:7:      layout_loops_cross, mainiacjoe_overflow_24_doors
D:8:      layout_loops_ring, lemuel_coloured_pillars_altar, serial_shops, shop,
          minmay_misc_feat_secret_circle, nicolae_alphabet_shops,
          nicolae_tricolors, uniq_prince_ribbit1
D:9:      layout_rooms, nicolae_tso_carved_into_rock, lair_entry_dummy,
          special_room [special_room_orc], serial_bayou_ford_a
Temple:   nicolae_temple_slightly_damp_pantheon
Lair:1:   layout_roguey
Lair:2:   layout_gridlike, spider_nest_entry_rubble, gammafunk_ghost_icy

Skill      XL: |  1  2  3  4  5  6  7  8  9 10 11 |
---------------+----------------------------------+-----
Dodging        | 3 4 5 6 7 8 10 11 12 13 | 13.0
Ranged Weapons | 5 6 8 9 10 12 | 12.6
Fighting       | 2 3 5 |  5.0
Invocations    | 2 4 6 8 |  8.2
Stealth        | |  1.5

Action                     |  1- 3 |  4- 6 |  7- 9 | 10-12 || total
---------------------------+-------+-------+-------+-------++-------
   Fire: Shortbow          |   102 |    21 |       |       ||   123
         Sling             |       |    99 |   331 |     2 ||   432
         Orcbow            |       |       |       |   284 ||   284
 Invoke: Heroism           |       |       |     2 |     3 ||     5
         Finesse           |       |       |       |     4 ||     4
    Use: Scroll            |     6 |     6 |     8 |     5 ||    25
         Potion            |       |     1 |     1 |     2 ||     4
 Armour: Robe              |    12 |     6 |    28 |    33 ||    79
  Dodge: Dodged            |    37 |    31 |   126 |   191 ||   385
  Block: Other             |       |       |    25 |    29 ||    54
         Reflection        |       |       |     1 |     5 ||     6

Table legend:
 A = Non-vault XP
 B = Vault XP
 C = Vault XP percentage of total XP
 D = Non-vault monster count
 E = Vault monster count
 F = Vault count percentage of total count
                 A         B        C        D         E       F
            +---------+---------+-------+---------+---------+-------
      Total |   15022 |    1585 |   9.5 |     235 |      50 |  17.5
            +---------+---------+-------+---------+---------+-------
        D:1 |      44 |       0 |   0.0 |      24 |       0 |   0.0
        D:2 |      55 |      68 |  55.3 |      15 |       7 |  31.8
        D:3 |      49 |       0 |   0.0 |      13 |       0 |   0.0
        D:4 |     141 |       0 |   0.0 |      15 |       0 |   0.0
        D:5 |     838 |      21 |   2.4 |      26 |       5 |  16.1
        D:6 |     703 |       0 |   0.0 |      20 |       0 |   0.0
        D:7 |    1595 |       0 |   0.0 |      28 |       0 |   0.0
        D:8 |    1866 |     259 |  12.2 |      23 |       1 |   4.2
        D:9 |    3761 |     568 |  13.1 |      47 |      12 |  20.3
     Lair:1 |    3913 |       0 |   0.0 |      17 |       0 |   0.0
     Lair:2 |    2057 |     453 |  18.0 |       7 |       2 |  22.2
      Sewer |       0 |     216 | 100.0 |       0 |      23 | 100.0
            +---------+---------+-------+---------+---------+-------
